Map: Golden Wall LE

Players

Serral - Winner!

  • Race: Zerg Zerg
  • Spawn Location: 5:00

PtitDrogo

  • Race: Protoss Protoss
  • League: Master
  • Spawn Location: 7:00

Event: StayAtHomestory Cup #2

VOD

Have the link to the VOD?

Description

Time

  • Played on: June 12, 2020, 3:11 p.m.
  • Length: 12:42

All games in this series

Show
View Real Time Build Order
Export as new Build Order

Serral Zerg - Winner!

Build Orders: Hatch First, Muta Ling Bane 

Get SALT Encoding   

  12  0:00  Drone  
  13  0:12  Overlord  
  13  0:17  Drone  
  14  0:30  Drone x2  
  16  0:49  Hatchery  
  15  0:52  Drone  
  15  0:56  Drone  
  17  0:59  Drone  
  18  1:09  Extractor  
  17  1:14  Spawning Pool  
  17  1:18  Drone  
  17  1:21  Drone  
  18  1:28  Drone  
  19  1:38  Drone  
  20  1:49  Overlord  
  20  2:00  Queen x2  
  24  2:02  Zergling x4  
  26  2:10  Drone  
  26  2:11  Drone  
  26  2:12  Metabolic Boost  
  28  2:22  Drone x2  
  30  2:36  Hatchery  
  29  2:39  Drone  
  29  2:44  Drone  
  31  2:47  Overlord  
  31  2:53  Drone  
  31  2:55  Queen  
  31  2:58  Drone  
  35  3:00  Drone  
  36  3:09  Drone x4  
  40  3:14  Overlord  
  40  3:17  Drone  
  40  3:19  Drone  
  42  3:26  Overlord  
  42  3:31  Queen  
  44  3:36  Zergling x2  
  44  3:37  Zergling x2  
  44  3:39  Drone  
  44  3:40  Drone  
  44  3:41  Drone  
  49  3:44  Spore Crawler  
  49  3:47  Drone x3  
  51  3:52  Overlord  
  51  3:53  Zergling x2  
  51  3:54  Queen  
  54  3:58  Baneling Nest  
  54  4:00  Drone  
  54  4:01  Drone  
  55  4:04  Drone  
  55  4:06  Spore Crawler  
  55  4:08  Roach Warren  
  55  4:13  Drone, Spore Crawler  
  55  4:14  Drone  
  55  4:15  Drone  
  57  4:19  Drone x2  
  57  4:21  Drone  
  57  4:23  Zergling x2  
  57  4:24  Zergling x2  
  62  4:26  Zergling x4  
  62  4:29  Overlord  
  63  4:37  Zergling x4, Lair  
  65  4:48  Zergling x6  
  65  4:50  Roach x3  
  72  4:55  Roach  
  72  4:58  Extractor  
  72  4:59  Overlord  
  72  5:01  Extractor  
  72  5:02  Roach  
  72  5:05  Overlord  
  72  5:09  Drone x2  
  73  5:14  Overlord  
  73  5:15  Overlord  
  73  5:19  Roach x3  
  79  5:22  Evolution Chamber  
  75  5:30  Drone  
  75  5:31  Drone x8  
  84  5:42  Roach x3  
  89  5:48  Roach x2  
  94  5:53  Glial Reconstitution  
  94  5:54  Extractor  
  94  5:55  Drone x2  
  94  5:56  Drone  
  95  6:02  Overseer  
  92  6:06  Drone x3  
  92  6:10  Zerg Melee Weapons Level 1  
  95  6:15  Drone x2  
  97  6:20  Extractor x2, Drone x5  
  97  6:21  Drone  
  97  6:24  Roach x2  
  97  6:25  Overlord x2  
  105  6:30  Overlord  
  105  6:31  Spine Crawler  
  104  6:33  Roach, Spine Crawler  
  104  6:39  Baneling Nest  
  105  6:46  Drone  
  106  6:53  Drone x5  
  109  6:56  Drone  
  109  7:00  Hatchery  
  109  7:01  Drone  
  109  7:02  Roach x5  
  109  7:06  Overlord  
  118  7:12  Overlord  
  118  7:14  Roach x2, Zergling x10  
  127  7:19  Ravager  
  127  7:20  Ravager  
  129  7:25  Overlord  
  129  7:34  Roach x2, Zergling x4  
  129  7:35  Zergling x2  
  135  7:40  Centrifical Hooks  
  135  7:41  Drone  
  135  7:42  Drone x4, Spire  
  138  7:45  Drone x4  
  138  7:48  Drone x3  
  138  7:49  Ravager  
  138  7:50  Ravager x2  
  148  8:03  Zergling x10  
  153  8:06  Baneling x16  
  153  8:13  Roach x2, Zergling x6  
  153  8:19  Overlord x4  
  160  8:20  Overlord  
  160  8:22  Baneling x7  
  157  8:29  Roach x2, Zergling x10  
  149  8:40  Roach x4, Zergling x8  
  122  8:50  Drone  
  120  9:03  Mutalisk x5  
  120  9:08  Zergling x16  
  135  9:18  Drone  
  135  9:21  Zerg Melee Weapons Level 2  
  134  9:27  Baneling x5  
  134  9:28  Baneling x2  
  134  9:33  Zergling x28  
  134  9:36  Zerg Flyer Weapons Level 1  
  148  9:38  Ravager  
  149  9:45  Baneling  
  149  9:46  Drone x2, Baneling x5  
  149  9:47  Drone x2  
  149  9:49  Drone x2  
  155  9:58  Drone x5  
  160  10:03  Hatchery  
  159  10:10  Zergling x14  
  159  10:12  Baneling x7  
  159  10:13  Ravager x2  
  159  10:14  Ravager  
  169  10:18  Extractor  
  169  10:19  Overlord  
  169  10:20  Drone x2  
  170  10:23  Drone, Infestation Pit  
  170  10:27  Roach x2, Zergling x8  
  178  10:36  Zergling x12  
  184  10:43  Overlord  
  184  10:44  Pneumatized Carapace  
  184  10:47  Ravager  
  184  10:48  Baneling x5, Ravager x2  
  188  10:50  Zergling x18  
  188  10:56  Baneling x5  
  196  10:59  Zergling x8  
  196  11:03  Baneling x6  
  200  11:13  Baneling x7  
  200  11:18  Zergling x22  
  199  11:21  Zergling x14  
  168  11:35  Zergling x14  
  173  11:43  Hatchery  
  167  11:49  Zergling x24  
  167  11:53  Zergling x4  
  172  12:03  Baneling x15  
  172  12:05  Baneling x9, Ravager  
  172  12:06  Baneling x3  
  173  12:12  Zergling x22  
  173  12:13  Zergling x4  
  184  12:18  Drone x2  
  185  12:23  Zergling x12  
Show
View Real Time Build Order
Export as new Build Order

PtitDrogo Protoss 

Build Orders: 1 Gate Expand, Zealot Archon, Archon Drop, Dark Templar Rush 

Get SALT Encoding   

  12  0:00  Probe  
  13  0:13  Probe  
  14  0:20  Pylon  
  14  0:25  Probe  
  15  0:29  Assimilator  
  15  0:34  Probe  
  15  0:42  Probe  
  16  0:49  Gateway  
  17  0:52  Probe  
  18  1:04  Probe  
  19  1:16  Probe  
  20  1:24  Nexus  
  20  1:36  Cybernetics Core  
  20  1:40  Probe  
  20  1:43  Assimilator  
  21  1:52  Probe  
  21  1:53  Pylon  
  22  2:03  Adept  
  22  2:04  Probe  
  23  2:13  Warp Gate  
  25  2:16  Probe  
  25  2:21  Twilight Council  
  26  2:27  Probe  
  27  2:32  Probe  
  27  2:33  Stalker  
  27  2:35  Probe  
  30  2:40  Probe  
  30  2:43  Probe  
  32  2:50  Probe  
  33  2:55  Robotics Facility  
  33  2:57  Probe  
  35  3:02  Probe  
  36  3:10  Dark Shrine  
  36  3:18  Probe x2  
  38  3:21  Gateway  
  38  3:23  Gateway  
  38  3:30  Gateway  
  38  3:31  Warp Prism  
  38  3:44  Probe  
  38  3:45  Probe  
  38  3:47  Assimilator  
  42  3:51  Assimilator  
  42  3:57  Pylon  
  42  4:02  Probe x2, Pylon  
  44  4:07  Adept  
  46  4:13  Probe  
  46  4:15  Probe  
  48  4:21  Probe  
  48  4:28  Probe  
  48  4:30  Probe  
  50  4:31  Dark Templar x3  
  50  4:35  Dark Templar  
  50  4:36  Archon  
  59  4:39  Archon  
  59  4:40  Probe  
  59  4:42  Probe  
  61  4:52  Pylon  
  61  4:55  Observer  
  62  5:05  Forge  
  62  5:10  Probe x2, Protoss Ground Weapons Level 1  
  62  5:12  Zealot, Pylon  
  62  5:13  Zealot x2  
  70  5:25  Probe  
  67  5:31  Probe  
  67  5:34  Nexus  
  65  5:46  Gateway  
  65  5:47  Gateway  
  65  5:49  Gateway  
  62  5:51  Gateway, Templar Archives  
  62  6:06  Nexus  
  62  6:07  Pylon  
  62  6:11  Zealot x3  
  62  6:13  Zealot  
  70  6:19  Pylon  
  70  6:23  Pylon  
  70  6:24  Charge  
  70  6:25  Probe x2  
  72  6:26  Pylon  
  72  6:37  Probe  
  72  6:38  Probe  
  74  6:41  High Templar x6  
  74  6:43  Protoss Ground Weapons Level 2  
  74  6:46  Pylon  
  86  6:49  Probe  
  86  6:50  Probe  
  88  7:00  Archon  
  88  7:05  Probe  
  88  7:07  High Templar x2  
  93  7:09  Pylon  
  93  7:12  Pylon  
  93  7:14  Probe  
  94  7:17  Shield Battery  
  94  7:26  Zealot x5  
  94  7:27  Zealot  
  106  7:35  Assimilator  
  105  7:37  Assimilator  
  105  7:45  Archon x2, Pylon  
  105  7:46  Archon, Sentry, Pylon  
  107  8:03  Zealot x6  
  119  8:08  Zealot  
  119  8:09  Zealot  
  111  8:27  Probe  
  111  8:30  Zealot x8  
  112  8:34  Immortal  
  78  8:54  High Templar x5, Zealot x3  
  94  9:07  Archon x2  
  90  9:20  High Templar  
  90  9:21  Zealot x2  
  92  9:25  Archon  
  92  9:26  Protoss Ground Weapons Level 3  
  92  9:27  High Templar x2  
  92  9:28  Zealot x3  
  102  9:34  Archon  
  102  9:36  Photon Cannon  
  102  9:39  Photon Cannon  
  102  9:42  Stalker x2  
  106  9:48  Stalker  
  106  9:49  Stalker  
  110  9:55  Sentry  
  110  9:57  Photon Cannon  
  112  10:03  Pylon  
  112  10:10  Zealot  
  112  10:11  Zealot x4  
  121  10:14  High Templar x2  
  121  10:21  Archon  
  121  10:35  Probe  
  121  10:38  Zealot x2  
  121  10:39  Zealot x4  
  133  10:50  High Templar x2  
  133  10:58  High Templar x2  
  133  10:59  High Templar x2  
  133  11:00  Zealot x4  
  133  11:02  Archon x2  
  104  11:28  Zealot x4  
  104  11:31  Zealot x4  
  108  11:46  Nexus  
  62  11:57  High Templar x4  
  62  11:58  High Templar x2  
  62  11:59  Zealot x2  
  76  12:02  Archon x3  
  76  12:22  Dark Templar  
  74  12:24  Zealot  
  65  12:31  Dark Templar x2  
  65  12:32  Zealot x3  
Tags
 
Add a new tag
Caveats
  • Supply blocks, unpowered buildings, or Contaminate may cause inaccurate times.
  • Supply counts are checked every 10 seconds.